Workbook
Name Finanzierung: PHZH_Personal_2023!$A$26:$A$29
Name Finanzierung: PHZH_Personal_22!$A$26:$A$29
Name Finanzierung: UZH_Personal_2021!#REF!
Name Finanzierung: UZH_Personal_2022!#REF!
Name Finanzierung: UZH_Personal_2023!#REF!
Name Finanzierung: UZH_Personal_2024!#REF!
Name Finanzierung: ZHAW_Personal!#REF!
Name Finanzierung: 'ZHDK_Personal vor 2024'!$A$30:$A$33
Name Finanzierung: ZHDK_Personal!$A$33:$A$36
Name Personalkostensätze: PHZH_Personal_2023!$A$6:$F$11
Name Personalkostensätze: PHZH_Personal_22!$A$6:$F$11
Name Personalkostensätze: UZH_Personal_2021!$A$4:$M$10
Name Personalkostensätze: UZH_Personal_2022!$A$5:$M$17
Name Personalkostensätze: UZH_Personal_2023!$A$5:$E$17
Name Personalkostensätze: UZH_Personal_2024!$A$5:$E$18
Name Personalkostensätze: ZHAW_Personal!$A$6:$F$10
Name Personalkostensätze: 'ZHDK_Personal vor 2024'!$A$6:$F$15
Name Personalkostensätze: ZHDK_Personal!$A$6:$F$18

Sheet ZHDK_Personal vor 2024
A1: offizielle Personal Kostensätze der ZHdK für das Jahr 2022
A3: Personalkategorien Planung | B3: Stundensätze für | C3: Jahresstunden | D3: Kosten pro Jahr | E3: Kosten pro Monat | F3: Kosten pro Tag
B4: Planung/Verrechnung | C4: für Planung
B5: in CHF | C5: bei 100% BG | D5: bei 100% BG | E5: bei 100% BG | F5: bei 100% BG
A7: Prof | B7: 120 | C7: 1705 | D7: =+B7*C7 -> 204600 | E7: =+D7/12 -> 17050 | F7: =+B7*8.4 -> 1008
A8: Doz | B8: 100 | C8: 1705 | D8: =+B8*C8 -> 170500 | E8: =+D8/12 -> 14208.333 | F8: =+B8*8.4 -> 840
A9: WiMa | B9: 65 | C9: 1850 | D9: =+B9*C9 -> 120250 | E9: =+D9/12 -> 10020.833 | F9: =+B9*8.4 -> 546
A10: Ass. | B10: 55 | C10: 1850 | D10: =+B10*C10 -> 101750 | E10: =+D10/12 -> 8479.1667 | F10: =+B10*8.4 -> 462
A11: ATP A | B11: 100 | C11: 1850 | D11: =+B11*C11 -> 185000 | E11: =+D11/12 -> 15416.667 | F11: =+B11*8.4 -> 840
A12: ATP B | B12: 65 | C12: 1850 | D12: =+B12*C12 -> 120250 | E12: =+D12/12 -> 10020.833 | F12: =+B12*8.4 -> 546
A13: ATP C | B13: 55 | C13: 1850 | D13: =+B13*C13 -> 101750 | E13: =+D13/12 -> 8479.1667 | F13: =+B13*8.4 -> 462
A14: ATP D | B14: 40 | C14: 1850 | D14: =+B14*C14 -> 74000 | E14: =+D14/12 -> 6166.6667 | F14: =+B14*8.4 -> 336
A15: ATP E | B15: 15 | C15: 1850 | D15: =+B15*C15 -> 27750 | E15: =+D15/12 -> 2312.5 | F15: =+B15*8.4 -> 126
A17: Stundensätze-Inhalt: | C17: Brutto-Jahreslohn
C18: + Arbeitgeber Sozialleistungen (AHV, IV, EO, ALV, VK, PK)
C19: + Arbeitgeber Zulagen (FAK, UVG, Verpfl. Zulagen, Pauschalspesen Lohn)
A21: Berechnung Jahresstunden für Planung: | C21: Bezahlte Jahresarbeitszeit
C22: - Ø Ferien
C23: - Ø Feiertage
C24: - Ø Kurzabsenzen
C25: - persönliche Weiterbildung (bei Dozierenden/ILV)
A27: Berechnung Stundensatz: | C27: Stundensätze-Inhalt / Jahresstunden für Planung
A29: Optionen Finanzierung
A30: ZHdK vorhanden
A31: benötigt
A32: DIZH-Institution
A33: overhead (vorhanden)
A37: Faktoren
A38: 1
A39: 1.5
A40: 1.8
A41: 2
A42: 2.1
A43: 2.2
A44: 2.3

Sheet Wegleitung Kalkulation
A1: WEGLEITUNG FÜR DIZH KALKULATION
A3: Themen
A4: Erläuterungen
A5: Projekt-Bezeichnung
A6: Personalkosten
A7: Sachkosten
A8: Subcontracting
A9: Praxispartner
A10: Geräte / Anlagen / Infrastruktur
A11: Kalkulation Overhead
A12: Infos zu Projekt-Finanzierung
A15: ERLÄUTERUNGEN ZU DIESER WEGLEITUNG:
... A27: In den Zellen 1A - 4A müssen Angaben zum Projekt gemacht werden.
A28: Zelle 1A: | C28: Projekt-Bezeichnung | F28: Zelle 1E: | G28: Geplantes Startdatum
A29: Zelle 2A: | C29: Antragsteller*in (Name, HS) | F29: Zelle 2E: | G29: Laufzeit in Monaten
A30: Zelle 3A: | C30: beteiligte Hochschulen | F30: Zellen 1K und 2K: automatische Berechnung
A33: KALKULATION PERSONALKOSTEN:
A34: Die Personalkosten werden über das separate Blatt "Personalkosten" eingegeben. Das Total pro Hochschule wird automatisch ins Blatt "DIZH Budget Kalkulation" übertragen.
A35: Pro Hochschule gibt es ein Kalkulationsfenster mit 12 Zeilen. In den ersten 6 Zeilen sind fixe Standard-Kostensätze hinterlegt. Die letzten 6 Zeilen können beliebig überschrieben werden.
A36: Da jede Hochschule eine unterschiedliche Vorgehensweise kennt, ihre Personalkosten zu kalkulieren, gibt es pro Hochschule eine separate Erläuterung.
A38: Personalkosten UZH:
A39: Person: Name des Mitarbeiters. Ist für DIZH nicht relevant und muss nicht zwingend ausgefüllt werden, kann aber für den Antragsteller als Hilfe dienen.
A40: Personal-Kategorie: DROP-DOWN der Personalkategorie gemäss Vorgaben UZH
B42: Für UZH Personal stehen nur drei Kategorien als "Drop Down" zur Auswahl:
B44: 1) Hilfassistenzen:
B45: Hilfassistenzen ohne Bachelor:
B46: Lohnklasse 10. Lohnstufen 03. CHF 74'435 für einen Jahreslohn mit 100% Pensum (inkl. 14 % Sozialleistungen).
B47: Hilfassistenzen mit Bachelor:
B48: Lohnklasse 10. Lohnstufen 03. CHF 86'205 für einen Jahreslohn mit 100% Pensum (inkl. 14 % Sozialleistungen).
B50: 2) Doktoranden:
B51: Gem. UZH Einreihungsrichtlinien: 80% Pensum. Die Jahreslöhne (inkl. 14.5 % Sozialleistungen) sind folgende:
B52: Doktorierende 1. Jahr -> CHF 71'355 / Bei 80% Pensum: CHF 57'083
B53: Doktorierende 2. Jahr -> CHF 73'630/ Bei 80% Pensum: CHF 58'904
B54: Doktorierende 3. u. 4. Jahr -> CHF 75'905 / Bei 80% Pensum: CHF 60'724
B55: --> Das Pensum muss in Spalte E angepasst werden. Meistens: 80%!
... B60: Alle anderen Personalkategorien können manuell in den dafür vorgesehenen Zeilen eingegeben werden.
A62: Aufgabe: Rolle innerhalb des Projektes
A63: Besch-Grad: Der "Beschäftigungs-Grad" des Mitarbeiters im Projekt in %.
A64: Monate: Die Beschäftigungs-Dauer des Mitarbeiters in Monaten.
A65: Jahreskosten:
A66: weisse Felder: Die Lohnkosten werden gemäss gewählter Personal-Kategorie automatisch übernommen.
A67: orange Felder: Die Jahreskosten können manuell eingegeben werden.
A68: anteilmässige Projektkosten:
A69: Die Jahreskosten im Verhältnis des ausgewählten Beschäftigungs-Grades und der Anzahl Monate.
A70: Das Total wird direkt ins "DIZH Budget Kalkulation" übernommen.
A74: Personalkosten ZHAW:
A75: Person: Name des Mitarbeiters. Ist für DIZH nicht relevant und muss nicht zwingend ausgefüllt werden, kann aber für den Antragsteller als Hilfe dienen.
A76: Personal-Kategorie: DROP-DOWN der Personalkategorie gemäss Vorgaben ZHAW.
... A217: a) Cash-Leistungen (verfügbares Geld um bestimmte Ausgaben tätigen zu können):
A218: - | B218: Freie universitäre Mittel des Lehrstuhls bzw. des Instituts (no earmarked funds) als Cash
A220: b) in-kind-Leistungen (eine bereits laufende Anstellung, die möglicherweise auf das Projeke umgebucht werden kann):
A221: - | B221: Personaleinsatz von Personen (Doktoranden, Post-Docs, Assistenten) bezahlt aus freien Mitteln des Lehrstuhls bzw. des Instituts;
B222: Monetarisiert durch jeweiligen Stundenansatz, wird vom jeweiligen Vorgesetzten bestätigt oder auch hinterlegtem Kostensplit auf das DIZH-Projekt
A223: - | B223: Arbeitsleistung des Lehrstuhlinhabers/Professors (sofern es keine Drittmittelprofessur ist oder weiterverrechnet wird);
B224: Monetarisiert durch jeweiligen Stundenansatz, wird durch Antragsteller selbst bestätigt
A226: Eingeworbene/einzuwerbende Drittmittel
A227: Es wird jeweils das gesamte Drittmittel berücksichtigt (bzw. alle darauf verbuchten Ausgaben, sei es Betriebs- oder Personalaufwand)
A228: Folgende Drittmittel können verwendet werden:
A230: - | B230: Drittmittel (no earmarked funds) mit direktem Bezug zum Projektthema (gemäss DIZH-Reglement)
A231: - | B231: Drittmittel, die von Projektpartnern (z.B. Cashbeiträge von Praxispartnern) zur Verfügung gestellt werden und auf einem Drittmittelkonto landen.
A232: - | B232: Drittmittel, bei denen der Geldgeber einer Umwidmung zugestimmt hat.
A234: Soll nur ein (teilweiser) Personaleinsatz von Drittmittel finanzierten Personen und nicht das gesamte Drittmittel berücksichtigt werden, gibt es folgende Möglichkeiten:
A236: - | B236: Personaleinsatz von Personen (Doktoranden, Post-Docs, Assistenten) bezahlt aus Drittmittel mit direktem Bezug zum Projektthema;
B237: Monetarisiert durch jeweiligen Stundenansatz, wird vom jeweiligen Vorgesetzten bestätigt.
A238: - | B238: Personaleinsatz von Personen (Doktoranden, Post-Docs, Assistenten) bezahlt aus Drittmittel, bei denen der Geldgeber einer Umwidmung zugestimmt hat;
B239: Monetarisiert durch jeweiligen Stundenansatz, wird vom jeweiligen Vorgesetzten bestätigt.
A240: - | B240: Personaleinsatz von (Stiftungs-/Drittmittel-) Professuren; der Geldgeber muss der Umwidmung zugestimmt haben, sofern nicht bereits in der Stiftungsvereinbarung etc geregelt:
B241: Monetarisiert durch jeweiligen Stundenansatz, wird vom jeweiligen Vorgesetzten bestätigt.
A242: Für ZHAW-Finanzierungsanteile gilt: Es sind mind. 6.6% der Gesamtkosten an eingeworbenen Drittmitteln nachzuweisen.
A244: Auszug aus Konzept zum Innovationsprogramm:
A245: Die DIZH-Finanzierung im Innovationsprogramm muss auf der Ebene der Projekte im Verhältnis 50:50 aus anderweitigen Mitteln erbracht werden (Matching Funds, siehe OrgR Art. 26).
A246: Valide Eigenleistungen sind die Umschichtung bestehender Erträge der Hochschulen sowie die Neueinwerbung von Drittmitteln (siehe Aktennotiz der Bildungsdirektion vom 23. März 2020);
A247: die Auflösung von Reserven steht für das Innovationsprogramm ebenfalls zur Verfügung, siehe Aktennotiz vom 16.06.2020).

Sheet DIZH Budget Kalkulation
A1: Zahlen können in hell orangen Felder eingegeben werden. | C1: Zahlen können in hell grünen Felder eingegeben werden. | K1: --> Alle anderen Felder sind für Eingaben gesperrt.
K2: Blatt entsperren: Überprüfen - Blattschutz aufheben (ohne Code möglich)
B4: Projekt-Bezeichnung | F4: Geplantes Startdatum | K4: =E4+(K5*365) -> 0 | L4: Berechnetes End-Datum
B5: Antragsteller (Name, HS) | F5: Laufzeit in Monaten | K5: =IFERROR(E5/12,0) -> 0 | L5: Berechnet in Jahren
B6: Beteiligte Hochschulen
D9: UZH | E9: =IFERROR(E61/$B61, 0) -> 0 | G9: ZHAW | H9: =IFERROR(H61/$B61, 0) -> 0 | J9: ZHdK | K9: =IFERROR(K61/$B61, 0) -> 0 | M9: PHZH | N9: =IFERROR(N61/$B61, 0) -> 0 | P9: KOMMENTAR (können nach belieben überschrieben werden)
A10: DETAIL | B10: CHF | C10: in % | E10: UZH | H10: ZHAW | K10: ZHdK | N10: PHZH
A11: Personal UZH (Übertrag aus "Personalkosten) | B11: =SUM(E11,H11,K11,N11) -> 0 | C11: =IFERROR(B11/B$20, 0) -> 0 | E11: =SUM(Personalkosten!H25) -> 0 | P11: wird vom Blatt "Personalkosten" direkt übernommen
A12: Personal ZHAW (Übertrag aus "Personalkosten) | B12: =SUM(E12,H12,K12,N12) -> 0 | C12: =IFERROR(B12/B$20, 0) -> 0 | H12: =SUM(Personalkosten!H42) -> 0 | P12: wird vom Blatt "Personalkosten" direkt übernommen
A13: Personal ZHdK (Übertrag aus "Personalkosten) | B13: =SUM(E13,H13,K13,N13) -> 0 | C13: =IFERROR(B13/B$20, 0) -> 0 | K13: =SUM(Personalkosten!H59) -> 0 | P13: wird vom Blatt "Personalkosten" direkt übernommen
A14: Personal PHZH (Übertrag aus "Personalkosten) | B14: =SUM(E14,H14,K14,N14) -> 0 | C14: =IFERROR(B14/B$20, 0) -> 0 | N14: =SUM(Personalkosten!H76) -> 0 | P14: wird vom Blatt "Personalkosten" direkt übernommen
A15: … | B15: =SUM(E15,H15,K15,N15) -> 0 | C15: =IFERROR(B15/B$20, 0) -> 0 | P15: kann beliebig ausgefüllt werden.
A16: … | B16: =SUM(E16,H16,K16,N16) -> 0 | C16: =IFERROR(B16/B$20, 0) -> 0 | P16: kann beliebig ausgefüllt werden.
A17: … | B17: =SUM(E17,H17,K17,N17) -> 0 | C17: =IFERROR(B17/B$20, 0) -> 0 | P17: kann beliebig ausgefüllt werden.
A18: … | B18: =SUM(E18,H18,K18,N18) -> 0 | C18: =IFERROR(B18/B$20, 0) -> 0 | P18: kann beliebig ausgefüllt werden.
A19: zusätzliche Linien: Zeile 17 markieren und mit 'ctrl c' und 'ctrl +' einfügen
A20: TOTAL PERSONAL INTERN | B20: =SUM(B11:B19) -> 0 | C20: =IFERROR(B20/B$61, 0) -> 0 | E20: =SUM(E11:E19) -> 0 | F20: =IFERROR(E20/E$61, 0) -> 0 | H20: =SUM(H11:H19) -> 0 | I20: =IFERROR(H20/H$61, 0) -> 0 | K20: =SUM(K11:K19) -> 0 | L20: =IFERROR(K20/K$61, 0) -> 0 | N20: =SUM(N11:N19) -> 0 | O20: =IFERROR(N20/N$61, 0) -> 0
A22: … | B22: =SUM(E22,H22,K22,N22) -> 0 | C22: =IFERROR(B22/B$29, 0) -> 0 | P22: kann beliebig ausgefüllt werden.
A23: … | B23: =SUM(E23,H23,K23,N23) -> 0 | C23: =IFERROR(B23/B$29, 0) -> 0 | P23: kann beliebig ausgefüllt werden.
A24: … | B24: =SUM(E24,H24,K24,N24) -> 0 | C24: =IFERROR(B24/B$29, 0) -> 0 | P24: kann beliebig ausgefüllt werden.
A25: … | B25: =SUM(E25,H25,K25,N25) -> 0 | C25: =IFERROR(B25/B$29, 0) -> 0 | P25: kann beliebig ausgefüllt werden.
A26: … | B26: =SUM(E26,H26,K26,N26) -> 0 | C26: =IFERROR(B26/B$29, 0) -> 0 | P26: kann beliebig ausgefüllt werden.
A27: … | B27: =SUM(E27,H27,K27,N27) -> 0 | C27: =IFERROR(B27/B$29, 0) -> 0 | P27: kann beliebig ausgefüllt werden.
A28: zusätzliche Linien: Zeile 25 markieren und mit 'ctrl c' und 'ctrl +' einfügen
A29: TOTAL SACHKOSTEN | B29: =SUM(B22:B28) -> 0 | C29: =IFERROR(B29/B$61, 0) -> 0 | E29: =SUM(E22:E28) -> 0 | F29: =IFERROR(E29/E$61, 0) -> 0 | H29: =SUM(H22:H28) -> 0 | I29: =IFERROR(H29/H$61, 0) -> 0 | K29: =SUM(K22:K28) -> 0 | L29: =IFERROR(K29/K$61, 0) -> 0 | N29: =SUM(N22:N28) -> 0 | O29: =IFERROR(N29/N$61, 0) -> 0
A31: z.B. Programmierung | B31: =SUM(E31,H31,K31,N31) -> 0 | C31: =IFERROR(B31/B$37, 0) -> 0 | P31: Zeile ist Beispiel und kann überschrieben werden. Idealerweise liegt eine Offerte vor.
A32: z.B. Beratungshonorar | B32: =SUM(E32,H32,K32,N32) -> 0 | C32: =IFERROR(B32/B$37, 0) -> 0 | P32: Zeile ist Beispiel und kann überschrieben werden. Idealerweise liegt eine Offerte vor.
A33: z.B. Webpage | B33: =SUM(E33,H33,K33,N33) -> 0 | C33: =IFERROR(B33/B$37, 0) -> 0 | P33: Zeile ist Beispiel und kann überschrieben werden. Idealerweise liegt eine Offerte vor.
A34: z.B. externer Event (läuft über Event-Agentur) | B34: =SUM(E34,H34,K34,N34) -> 0 | C34: =IFERROR(B34/B$37, 0) -> 0 | P34: Zeile ist Beispiel und kann überschrieben werden. Idealerweise liegt eine Offerte vor.
B35: =SUM(E35,H35,K35,N35) -> 0 | C35: =IFERROR(B35/B$37, 0) -> 0 | P35: zum selber beschriften und ausfüllen
A36: zusätzliche Linien: Zeile 32 markieren und mit 'ctrl c' und 'ctrl +' einfügen
A37: TOTAL SUBCONTRACTING | B37: =SUM(B31:B36) -> 0 | C37: =IFERROR(B37/B$61, 0) -> 0 | E37: =SUM(E31:E36) -> 0 | F37: =IFERROR(E37/E$61, 0) -> 0 | H37: =SUM(H31:H36) -> 0 | I37: =IFERROR(H37/H$61, 0) -> 0 | K37: =SUM(K31:K36) -> 0 | L37: =IFERROR(K37/K$61, 0) -> 0 | N37: =SUM(N31:N36) -> 0 | O37: =IFERROR(N37/N$61, 0) -> 0
A39: … | B39: =SUM(E39,H39,K39,N39) -> 0 | C39: =IFERROR(B39/B$45, 0) -> 0 | P39: Zeile ist Beispiel und kann überschrieben werden. Idealerweise liegt eine Offerte vor.
A40: … | B40: =SUM(E40,H40,K40,N40) -> 0 | C40: =IFERROR(B40/B$45, 0) -> 0 | P40: Zeile ist Beispiel und kann überschrieben werden. Idealerweise liegt eine Offerte vor.
A41: … | B41: =SUM(E41,H41,K41,N41) -> 0 | C41: =IFERROR(B41/B$45, 0) -> 0 | P41: Zeile ist Beispiel und kann überschrieben werden. Idealerweise liegt eine Offerte vor.
A42: … | B42: =SUM(E42,H42,K42,N42) -> 0 | C42: =IFERROR(B42/B$45, 0) -> 0 | P42: Zeile ist Beispiel und kann überschrieben werden. Idealerweise liegt eine Offerte vor.
A43: … | B43: =SUM(E43,H43,K43,N43) -> 0 | C43: =IFERROR(B43/B$45, 0) -> 0 | P43: zum selber beschriften und ausfüllen
A44: zusätzliche Linien: Zeile 39 markieren und mit 'ctrl c' und 'ctrl +' einfügen
A45: TOTAL PRAXISPARTNER | B45: =SUM(B39:B44) -> 0 | C45: =IFERROR(B45/B$61, 0) -> 0 | E45: =SUM(E39:E44) -> 0 | F45: =IFERROR(E45/E$61, 0) -> 0 | H45: =SUM(H39:H44) -> 0 | I45: =IFERROR(H45/H$61, 0) -> 0 | K45: =SUM(K39:K44) -> 0 | L45: =IFERROR(K45/K$61, 0) -> 0 | N45: =SUM(N39:N44) -> 0 | O45: =IFERROR(N45/N$61, 0) -> 0
A47: z.B. Laptops | B47: =SUM(E47,H47,K47,N47) -> 0 | C47: =IFERROR(B47/B$54, 0) -> 0 | P47: Beschaffungen von Anlagen grösser als 10 TCHF (UZH) oder 50 TCHF (übrige HS) gibt es keine DIZH Gelder.
A48: z.B. Drucker | B48: =SUM(E48,H48,K48,N48) -> 0 | C48: =IFERROR(B48/B$54, 0) -> 0 | P48: Bei Anlagen klären ob diese bereits HS-intern verfügbar sind.
A49: … | B49: =SUM(E49,H49,K49,N49) -> 0 | C49: =IFERROR(B49/B$54, 0) -> 0 | P49: Bei Anlagen klären ob diese bereits HS-intern verfügbar sind.
A50: … | B50: =SUM(E50,H50,K50,N50) -> 0 | C50: =IFERROR(B50/B$54, 0) -> 0 | P50: Bei Anlagen klären ob diese bereits HS-intern verfügbar sind.
A51: … | B51: =SUM(E51,H51,K51,N51) -> 0 | C51: =IFERROR(B51/B$54, 0) -> 0 | P51: Bei Anlagen klären ob diese bereits HS-intern verfügbar sind.
A52: … | B52: =SUM(E52,H52,K52,N52) -> 0 | C52: =IFERROR(B52/B$54, 0) -> 0 | P52: Bei Anlagen klären ob diese bereits HS-intern verfügbar sind.
A53: zusätzliche Linien: Zeile 47 markieren und mit 'ctrl c' und 'ctrl +' einfügen
A54: TOTAL GERÄTE / ANLAGEN | B54: =SUM(B47:B53) -> 0 | C54: =IFERROR(B54/B$61, 0) -> 0 | E54: =SUM(E47:E53) -> 0 | F54: =IFERROR(E54/E$61, 0) -> 0 | H54: =SUM(H47:H53) -> 0 | I54: =IFERROR(H54/H$61, 0) -> 0 | K54: =SUM(K47:K53) -> 0 | L54: =IFERROR(K54/K$61, 0) -> 0 | N54: =SUM(N47:N53) -> 0 | O54: =IFERROR(N54/N$61, 0) -> 0 | P54: Anlagen unterhalb Aktivierunsgrenze
A56: GESAMTPROJEKTKOSTEN (mit PP) | B56: =SUM(B20,B29,B37,B45,B54) -> 0 | E56: =SUM(E20,E29,E37,E45,E54) -> 0 | H56: =SUM(H20,H29,H37,H45,H54) -> 0 | K56: =SUM(K20,K29,K37,K45,K54) -> 0 | N56: =SUM(N20,N29,N37,N45,N54) -> 0
A57: abzüglich Praxispartner | B57: =SUM(E57,H57,K57,N57) -> 0 | E57: =-E45 -> 0 | H57: =-H45 -> 0 | K57: =-K45 -> 0 | N57: =-N45 -> 0
A58: GESAMTPROJEKTKOSTEN (ohne PP) | B58: =SUM(B56:B57) -> 0 | C58: 0.8 | E58: =SUM(E56:E57) -> 0 | H58: =SUM(H56:H57) -> 0 | K58: =SUM(K56:K57) -> 0 | N58: =SUM(N56:N57) -> 0
A60: OVERHEAD (OH) | B60: =B58/0.8*0.2 -> 0 | C60: 0.2 | E60: =E58/0.8*0.2 -> 0 | H60: =H58/0.8*0.2 -> 0 | K60: =K58/0.8*0.2 -> 0 | N60: =N58/0.8*0.2 -> 0
A61: GESAMTPROJEKTKOSTEN INKL. OH | B61: =SUM(B60,B58) -> 0 | C61: 1 | E61: =SUM(E60,E58) -> 0 | H61: =SUM(H60,H58) -> 0 | K61: =SUM(K60,K58) -> 0 | N61: =SUM(N60,N58) -> 0
A63: PROJEKT-FINANZIERUNG:
A64: GESAMTPROJEKTKOSTEN *Wert aus B64 in Selectus übernehmen | B64: =SUM(B61) -> 0 | C64: 1 | E64: =SUM(E61:E61) -> 0 | F64: 1 | H64: =SUM(H61:H61) -> 0 | I64: 1 | K64: =SUM(K61:K61) -> 0 | L64: 1 | N64: =SUM(N61:N61) -> 0 | O64: 1
A65: GEFORDERTE DIZH GELDER *Wert aus B65 in Selectus übernehmen | B65: =B64*50% -> 0 | C65: =IFERROR(B65/B$64, 0) -> 0 | E65: =E64*50% -> 0 | F65: =IFERROR(E65/E$64, 0) -> 0 | H65: =H64*50% -> 0 | I65: =IFERROR(H65/H$64, 0) -> 0 | K65: =K64*50% -> 0 | L65: =IFERROR(K65/K$64, 0) -> 0 | N65: =N64*50% -> 0 | O65: =IFERROR(N65/N$64, 0) -> 0
A66: ERFORDERLICHES MATCHING FUNDS TOTAL | B66: =B64-B65 -> 0 | C66: =IFERROR(B66/B$64, 0) -> 0 | E66: =E64-E65 -> 0 | F66: =IFERROR(E66/E$64, 0) -> 0 | H66: =H64-H65 -> 0 | I66: =IFERROR(H66/H$64, 0) -> 0 | K66: =K64-K65 -> 0 | L66: =IFERROR(K66/K$64, 0) -> 0 | N66: =N64-N65 -> 0 | O66: =IFERROR(N66/N$64, 0) -> 0
A68: MATCHING FUNDS DECKUNG:
A69: MATCHING FUNDS TOTAL *Wert aus B69 in Selectus übernehmen, sofern C95 = 100%) | B69: =SUM(B70:B71) -> 0 | C69: =SUM(C70:C71) -> 0 | E69: =SUM(E70:E71) -> 0 | F69: =SUM(F70:F71) -> 0 | H69: =SUM(H70:H71) -> 0 | I69: =SUM(I70:I71) -> 0 | K69: =SUM(K70:K71) -> 0 | L69: =SUM(L70:L71) -> 0 | N69: =SUM(N70:N71) -> 0 | O69: =SUM(O70:O71) -> 0
A70: Overhead | B70: =SUM(B60) -> 0 | C70: =IFERROR(B70/B$64, 0) -> 0 | E70: =SUM(E60:E60) -> 0 | F70: =IFERROR(E70/E$64, 0) -> 0 | H70: =SUM(H60:H60) -> 0 | I70: =IFERROR(H70/H$64, 0) -> 0 | K70: =SUM(K60:K60) -> 0 | L70: =IFERROR(K70/K$64, 0) -> 0 | N70: =SUM(N60:N60) -> 0 | O70: =IFERROR(N70/N$64, 0) -> 0
A71: Einzubringende Eigenleistungen | B71: =B66-B70 -> 0 | C71: =IFERROR(B71/B$64, 0) -> 0 | E71: =E66-E70 -> 0 | F71: =IFERROR(E71/E$64, 0) -> 0 | H71: =H66-H70 -> 0 | I71: =IFERROR(H71/H$64, 0) -> 0 | K71: =K66-K70 -> 0 | L71: =IFERROR(K71/K$64, 0) -> 0 | N71: =N66-N70 -> 0 | O71: =IFERROR(N71/N$64, 0) -> 0
B72: =SUM(E72,H72,K72,N72) -> 0
B73: =SUM(E73,H73,K73,N73) -> 0
B74: =SUM(E74,H74,K74,N74) -> 0
B75: =SUM(E75,H75,K75,N75) -> 0
B76: =SUM(E76,H76,K76,N76) -> 0
A77: zusätzliche Linien: Zeile 71 markieren und mit 'ctrl c' und 'ctrl +' einfügen
A78: Auflösung von Reserven (gesichert) | B78: =SUM(B72:B77) -> 0 | E78: =SUM(E72:E77) -> 0 | H78: =SUM(H72:H77) -> 0 | K78: =SUM(K72:K77) -> 0 | N78: =SUM(N72:N77) -> 0
B80: =SUM(E80,H80,K80,N80) -> 0
B81: =SUM(E81,H81,K81,N81) -> 0
B82: =SUM(E82,H82,K82,N82) -> 0
B83: =SUM(E83,H83,K83,N83) -> 0
B84: =SUM(E84,H84,K84,N84) -> 0
A85: zusätzliche Linien: Zeile 78 markieren und mit 'ctrl c' und 'ctrl +' einfügen
A86: Umschichtung aus bestehenden Erträgen (gesichert) | B86: =SUM(B80:B85) -> 0 | E86: =SUM(E80:E85) -> 0 | H86: =SUM(H80:H85) -> 0 | K86: =SUM(K80:K85) -> 0 | N86: =SUM(N80:N85) -> 0
B88: =SUM(E88,H88,K88,N88) -> 0
B89: =SUM(E89,H89,K89,N89) -> 0
B90: =SUM(E90,H90,K90,N90) -> 0
B91: =SUM(E91,H91,K91,N91) -> 0
B92: =SUM(E92,H92,K92,N92) -> 0
A93: zusätzliche Linien: Zeile 85 markieren und mit 'ctrl c' und 'ctrl +' einfügen
A94: Eingeworbene/einzuwerbende Drittmittel (gesichert) | B94: =SUM(B88:B93) -> 0 | E94: =SUM(E88:E93) -> 0 | H94: =SUM(H88:H93) -> 0 | K94: =SUM(K88:K93) -> 0 | N94: =SUM(N88:N93) -> 0
A95: TOTAL GESICHERTE EIGENLEISTUNGEN | B95: =SUM(B78,B86,B94) -> 0 | C95: =IFERROR(B95/B$71, 0) -> 0 | E95: =SUM(E78,E86,E94) -> 0 | F95: =IFERROR(E95/E$71, 0) -> 0 | H95: =SUM(H78,H86,H94) -> 0 | I95: =IFERROR(H95/H$71, 0) -> 0 | K95: =SUM(K78,K86,K94) -> 0 | L95: =IFERROR(K95/K$71, 0) -> 0 | N95: =SUM(N78,N86,N94) -> 0 | O95: =IFERROR(N95/N$71, 0) -> 0
A96: Fehlende/nicht gesicherte Eigenleistungen | B96: =B71-B95 -> 0 | C96: =IFERROR(B96/B$71, 0) -> 0 | E96: =E71-E95 -> 0 | F96: =IFERROR(E96/E$71, 0) -> 0 | H96: =H71-H95 -> 0 | I96: =IFERROR(H96/H$71, 0) -> 0 | K96: =K71-K95 -> 0 | L96: =IFERROR(K96/K$71, 0) -> 0 | N96: =N71-N95 -> 0 | O96: =IFERROR(N96/N$71, 0) -> 0

Sheet Personalkosten
C1: Projekt-Bezeichnung: | D1: =IFERROR('DIZH Budget Kalkulation'!A4, "noch ausfüllen") -> 0
C2: Antragsteller (Name, HS): | D2: =IFERROR('DIZH Budget Kalkulation'!A5, "noch ausfüllen") -> 0
C3: beteiligte Hochschulen: | D3: =IFERROR('DIZH Budget Kalkulation'!A6, "noch ausfüllen") -> 0
C4: Laufzeit in Monaten: | D4: =IFERROR('DIZH Budget Kalkulation'!E5, "noch ausfüllen") -> 0
C5: Blatt entsperren: Überprüfen - Blattschutz aufheben (ohne Code möglich)
A6: Kalkulationsschema UZH
A7: Kalkulationsschema ZHAW
A8: Kalkulationsschema ZHdK
A9: Kalkulationsschema PHZH
A11: HS | B11: Person | C11: Personal-Kategorie | D11: Aufgabe | E11: Beschäftigungs-Grad | F11: Monate | G11: Jahreskosten | H11: anteilmässige Projektkosten CHF
A12: UZH | G12: =IFERROR(VLOOKUP(C12,UZH_Personal_2024!A$4:G$12, 5,FALSE),) -> 0 | H12: =G12*E12*F12/12 -> 0 | I12: Zeilen mit Dropdown Menu in der Spalte "Personal-Kategorie"
A13: UZH | G13: =IFERROR(VLOOKUP(C13,UZH_Personal_2024!A$4:G$12, 5,FALSE),) -> 0 | H13: =G13*E13*F13/12 -> 0 | I13: Zeilen mit Dropdown Menu in der Spalte "Personal-Kategorie"
A14: UZH | G14: =IFERROR(VLOOKUP(C14,UZH_Personal_2024!A$4:G$12, 5,FALSE),) -> 0 | H14: =G14*E14*F14/12 -> 0 | I14: Zeilen mit Dropdown Menu in der Spalte "Personal-Kategorie"
A15: UZH | G15: =IFERROR(VLOOKUP(C15,UZH_Personal_2024!A$4:G$12, 5,FALSE),) -> 0 | H15: =G15*E15*F15/12 -> 0 | I15: Zeilen mit Dropdown Menu in der Spalte "Personal-Kategorie"
A16: UZH | G16: =IFERROR(VLOOKUP(C16,UZH_Personal_2024!A$4:G$12, 5,FALSE),) -> 0 | H16: =G16*E16*F16/12 -> 0 | I16: Zeilen mit Dropdown Menu in der Spalte "Personal-Kategorie"
A17: UZH | G17: =IFERROR(VLOOKUP(C17,UZH_Personal_2024!A$4:G$12, 5,FALSE),) -> 0 | H17: =G17*E17*F17/12 -> 0 | I17: Zeilen mit Dropdown Menu in der Spalte "Personal-Kategorie"
A18: UZH | H18: =G18*E18*F18/12 -> 0 | I18: In diesen Zeilen können die Jahreskosten manuell eingegeben werden.
A19: UZH | H19: =G19*E19*F19/12 -> 0 | I19: In diesen Zeilen können die Jahreskosten manuell eingegeben werden.
A20: UZH | H20: =G20*E20*F20/12 -> 0 | I20: In diesen Zeilen können die Jahreskosten manuell eingegeben werden.
A21: UZH | H21: =G21*E21*F21/12 -> 0 | I21: In diesen Zeilen können die Jahreskosten manuell eingegeben werden.
A22: UZH | H22: =G22*E22*F22/12 -> 0 | I22: In diesen Zeilen können die Jahreskosten manuell eingegeben werden.
A23: UZH | H23: =G23*E23*F23/12 -> 0 | I23: In diesen Zeilen können die Jahreskosten manuell eingegeben werden.
A24: Linien einfügen: Zeile 17 (inkl. Dropdown Menu) respektive Zeile 22 (ohne Dropdown Menu) markieren und mit 'ctrl c' und 'ctrl +' eine weitere einfügen
A25: TOTAL PERSONALKOSTEN UZH | H25: =SUM(H12:H24) -> 0
A28: HS | B28: Person | C28: Personal-Kategorie | D28: Aufgabe | E28: Anzahl Stunden für gesamte Projektlaufzeit | G28: Std-Satz | H28: anteilmässige Projektkosten CHF
A29: ZHAW | G29: =IFERROR(VLOOKUP(C29,ZHAW_Personal!A$6:D$10, 2,FALSE),) -> 0 | H29: =G29*E29 -> 0 | I29: Zeilen mit Dropdown Menu in der Spalte "Personal-Kategorie"
A30: ZHAW | G30: =IFERROR(VLOOKUP(C30,ZHAW_Personal!A$6:D$10, 2,FALSE),) -> 0 | H30: =G30*E30 -> 0 | I30: Zeilen mit Dropdown Menu in der Spalte "Personal-Kategorie"
A31: ZHAW | G31: =IFERROR(VLOOKUP(C31,ZHAW_Personal!A$6:D$10, 2,FALSE),) -> 0 | H31: =G31*E31 -> 0 | I31: Zeilen mit Dropdown Menu in der Spalte "Personal-Kategorie"
A32: ZHAW | G32: =IFERROR(VLOOKUP(C32,ZHAW_Personal!A$6:D$10, 2,FALSE),) -> 0 | H32: =G32*E32 -> 0 | I32: Zeilen mit Dropdown Menu in der Spalte "Personal-Kategorie"
A33: ZHAW | G33: =IFERROR(VLOOKUP(C33,ZHAW_Personal!A$6:D$10, 2,FALSE),) -> 0 | H33: =G33*E33 -> 0 | I33: Zeilen mit Dropdown Menu in der Spalte "Personal-Kategorie"
A34: ZHAW | G34: =IFERROR(VLOOKUP(C34,ZHAW_Personal!A$6:D$10, 2,FALSE),) -> 0 | H34: =G34*E34 -> 0 | I34: Zeilen mit Dropdown Menu in der Spalte "Personal-Kategorie"
A35: ZHAW | H35: =G35*E35 -> 0 | I35: In diesen Zeilen können die Jahreskosten manuell eingegeben werden.
A36: ZHAW | H36: =G36*E36 -> 0 | I36: In diesen Zeilen können die Jahreskosten manuell eingegeben werden.
A37: ZHAW | H37: =G37*E37 -> 0 | I37: In diesen Zeilen können die Jahreskosten manuell eingegeben werden.
A38: ZHAW | H38: =G38*E38 -> 0 | I38: In diesen Zeilen können die Jahreskosten manuell eingegeben werden.
A39: ZHAW | H39: =G39*E39 -> 0 | I39: In diesen Zeilen können die Jahreskosten manuell eingegeben werden.
A40: ZHAW | H40: =G40*E40 -> 0 | I40: In diesen Zeilen können die Jahreskosten manuell eingegeben werden.
A41: Linien einfügen: Zeile 34 (inkl. Dropdown Menu) respektive Zeile 39 (ohne Dropdown Menu) markieren und mit 'ctrl c' und 'ctrl +' eine weitere einfügen
A42: TOTAL PERSONALKOSTEN ZHAW | H42: =SUM(H29:H41) -> 0
A45: HS | B45: Person | C45: Personal-Kategorie | D45: Aufgabe | E45: Besch-Grad | F45: Monate | G45: Jahreskosten | H45: anteilmässige Projektkosten CHF
A46: ZHdK | G46: =IFERROR(VLOOKUP(C46,ZHDK_Personal!A$6:D$19, 4,FALSE),) -> 0 | H46: =G46*E46*F46/12 -> 0 | I46: Zeilen mit Dropdown Menu in der Spalte "Personal-Kategorie"
A47: ZHdK | G47: =IFERROR(VLOOKUP(C47,ZHDK_Personal!A$6:D$19, 4,FALSE),) -> 0 | H47: =G47*E47*F47/12 -> 0 | I47: Zeilen mit Dropdown Menu in der Spalte "Personal-Kategorie"
A48: ZHdK | G48: =IFERROR(VLOOKUP(C48,ZHDK_Personal!A$6:D$19, 4,FALSE),) -> 0 | H48: =G48*E48*F48/12 -> 0 | I48: Zeilen mit Dropdown Menu in der Spalte "Personal-Kategorie"
A49: ZHdK | G49: =IFERROR(VLOOKUP(C49,ZHDK_Personal!A$6:D$19, 4,FALSE),) -> 0 | H49: =G49*E49*F49/12 -> 0 | I49: Zeilen mit Dropdown Menu in der Spalte "Personal-Kategorie"
A50: ZHdK | G50: =IFERROR(VLOOKUP(C50,ZHDK_Personal!A$6:D$19, 4,FALSE),) -> 0 | H50: =G50*E50*F50/12 -> 0 | I50: Zeilen mit Dropdown Menu in der Spalte "Personal-Kategorie"
A51: ZHdK | G51: =IFERROR(VLOOKUP(C51,ZHDK_Personal!A$6:D$19, 4,FALSE),) -> 0 | H51: =G51*E51*F51/12 -> 0 | I51: Zeilen mit Dropdown Menu in der Spalte "Personal-Kategorie"
A52: ZHdK | H52: =G52*E52*F52/12 -> 0 | I52: In diesen Zeilen können die Jahreskosten manuell eingegeben werden.
A53: ZHdK | H53: =G53*E53*F53/12 -> 0 | I53: In diesen Zeilen können die Jahreskosten manuell eingegeben werden.
A54: ZHdK | H54: =G54*E54*F54/12 -> 0 | I54: In diesen Zeilen können die Jahreskosten manuell eingegeben werden.
A55: ZHdK | H55: =G55*E55*F55/12 -> 0 | I55: In diesen Zeilen können die Jahreskosten manuell eingegeben werden.
A56: ZHdK | H56: =G56*E56*F56/12 -> 0 | I56: In diesen Zeilen können die Jahreskosten manuell eingegeben werden.
A57: ZHdK | H57: =G57*E57*F57/12 -> 0 | I57: In diesen Zeilen können die Jahreskosten manuell eingegeben werden.
A58: Linien einfügen: Zeile 51 (inkl. Dropdown Menu) respektive Zeile 56 (ohne Dropdown Menu) markieren und mit 'ctrl c' und 'ctrl +' eine weitere einfügen
A59: TOTAL PERSONALKOSTEN ZHdK | H59: =SUM(H46:H58) -> 0
A62: HS | B62: Person | C62: Personal-Kategorie | D62: Aufgabe | E62: Besch-Grad | F62: Monate | G62: Jahreskosten | H62: anteilmässige Projektkosten CHF
A63: PHZH | G63: =IFERROR(VLOOKUP(C63,PHZH_Personal_2023!A$6:D$11, 4,FALSE),) -> 0 | H63: =G63*E63*F63/12 -> 0 | I63: Zeilen mit Dropdown Menu in der Spalte "Personal-Kategorie"
A64: PHZH | G64: =IFERROR(VLOOKUP(C64,PHZH_Personal_2023!A$6:D$11, 4,FALSE),) -> 0 | H64: =G64*E64*F64/12 -> 0 | I64: Zeilen mit Dropdown Menu in der Spalte "Personal-Kategorie"
A65: PHZH | G65: =IFERROR(VLOOKUP(C65,PHZH_Personal_2023!A$6:D$11, 4,FALSE),) -> 0 | H65: =G65*E65*F65/12 -> 0 | I65: Zeilen mit Dropdown Menu in der Spalte "Personal-Kategorie"
A66: PHZH | G66: =IFERROR(VLOOKUP(C66,PHZH_Personal_2023!A$6:D$11, 4,FALSE),) -> 0 | H66: =G66*E66*F66/12 -> 0 | I66: Zeilen mit Dropdown Menu in der Spalte "Personal-Kategorie"
A67: PHZH | G67: =IFERROR(VLOOKUP(C67,PHZH_Personal_2023!A$6:D$11, 4,FALSE),) -> 0 | H67: =G67*E67*F67/12 -> 0 | I67: Zeilen mit Dropdown Menu in der Spalte "Personal-Kategorie"
A68: PHZH | G68: =IFERROR(VLOOKUP(C68,PHZH_Personal_2023!A$6:D$11, 4,FALSE),) -> 0 | H68: =G68*E68*F68/12 -> 0 | I68: Zeilen mit Dropdown Menu in der Spalte "Personal-Kategorie"
A69: PHZH | H69: =G69*E69*F69/12 -> 0 | I69: In diesen Zeilen können die Jahreskosten manuell eingegeben werden.
A70: PHZH | H70: =G70*E70*F70/12 -> 0 | I70: In diesen Zeilen können die Jahreskosten manuell eingegeben werden.
A71: PHZH | H71: =G71*E71*F71/12 -> 0 | I71: In diesen Zeilen können die Jahreskosten manuell eingegeben werden.
A72: PHZH | H72: =G72*E72*F72/12 -> 0 | I72: In diesen Zeilen können die Jahreskosten manuell eingegeben werden.
A73: PHZH | H73: =G73*E73*F73/12 -> 0 | I73: In diesen Zeilen können die Jahreskosten manuell eingegeben werden.
A74: PHZH | H74: =G74*E74*F74/12 -> 0 | I74: In diesen Zeilen können die Jahreskosten manuell eingegeben werden.
A75: Linien einfügen: Zeile 68 (inkl. Dropdown Menu) respektive Zeile 73 (ohne Dropdown Menu) markieren und mit 'ctrl c' und 'ctrl +' eine weitere einfügen
A76: TOTAL PERSONALKOSTEN PHZH | H76: =SUM(H63:H75) -> 0

Sheet Teuerung
A1: TEUERUNG
A3: Jahr | B3: in & | C3: RRB Bezug | F3: BSP1 | G3: BSP 2
A4: 2023 | B4: 0.035 | C4: RRB-2022-1693 | E4: Berechnete Kosten | F4: 1000 | G4: 100000
A5: 2022 | B5: 0.009 | C5: RRB-2021-1215 | E5: Teuerungsrate | F5: 0.02 | G5: 0.02
A6: 2021 | B6: 0 | C6: RRB-2020-1099 | E6: Jahre | F6: 5 | G6: 5
A7: 2020 | B7: 0.001 | C7: RRB-2019-0984 | E7: Teuerung in CHF | F7: =(F4*(1+F5)^F6) -> 1104.0808 | G7: =G4/0.90573 -> 110408.18
A8: 2019 | B8: 0.01 | C8: RRB-2018-0997 | E8: Differenz | F8: =F7-F4 -> 104.0808
A9: 2018 | B9: 0.005 | C9: RRB-2017-1008 | E9: Zukünftiger Wert | F9: =(F4/(1+F5)^F6) -> 905.73081 | G9: =G4*0.90573 -> 90573
A10: 2017 | B10: 0 | C10: RRB-2016-1032 | E10: Differenz | F10: =F9-F4 -> -94.26919
A11: 2016 | B11: 0 | C11: RRB-2015-1001
A12: 2015 | B12: 0.002 | C12: RRB-2014-1135 | E12: Jahr 1 | F12: =F4+(F4*F$5) -> 1020 | G12: =G4+(G4*G$5) -> 102000
A13: 2014 | B13: 0 | C13: RRB-2013-1215 | E13: Jahr 2 | F13: =F12+(F12*F$5) -> 1040.4 | G13: =G12+(G12*G$5) -> 104040
A14: 2013 | B14: 0 | C14: RRB-2012-1111 | E14: Jahr 3 | F14: =F13+(F13*F$5) -> 1061.208 | G14: =G13+(G13*G$5) -> 106120.8
A15: 2012 | B15: 0.005 | C15: RRB-2011-1317 | E15: Jahr 4 | F15: =F14+(F14*F$5) -> 1082.4322 | G15: =G14+(G14*G$5) -> 108243.22
A16: 2011 | B16: 0.003 | C16: RRB-2010-1641 | E16: Jahr 5 | F16: =F15+(F15*F$5) -> 1104.0808 | G16: =G15+(G15*G$5) -> 110408.08
A17: 2010 | B17: 0 | C17: RRB-2009-1988 | E17: Jahr 6 | F17: =F16+(F16*F$5) -> 1126.1624 | G17: =G16+(G16*G$5) -> 112616.24
A18: 2009 | B18: 0.017 | C18: RRB-2008-1885 | E18: Jahr 7 | F18: =F17+(F17*F$5) -> 1148.6857 | G18: =G17+(G17*G$5) -> 114868.57
E19: Jahr 8 | F19: =F18+(F18*F$5) -> 1171.6594 | G19: =G18+(G18*G$5) -> 117165.94
A20: Ø 2009 - 2022 | B20: =AVERAGE(B5:B18) -> 0.0037142857 | C20: 14 Jahre | E20: Jahr 9 | F20: =F19+(F19*F$5) -> 1195.0926 | G20: =G19+(G19*G$5) -> 119509.26
A21: Ø 2009 - 2023 | B21: =AVERAGE(B4:B18) -> 0.0058 | C21: 15 Jahre | E21: Jahr 10 | F21: =F20+(F20*F$5) -> 1218.9944 | G21: =G20+(G20*G$5) -> 121899.44
E22: Jahr 11 | F22: =F21+(F21*F$5) -> 1243.3743 | G22: =G21+(G21*G$5) -> 124337.43
E23: Jahr 12 | F23: =F22+(F22*F$5) -> 1268.2418 | G23: =G22+(G22*G$5) -> 126824.18
E24: Jahr 13 | F24: =F23+(F23*F$5) -> 1293.6066 | G24: =G23+(G23*G$5) -> 129360.66
E25: Jahr 14 | F25: =F24+(F24*F$5) -> 1319.4788 | G25: =G24+(G24*G$5) -> 131947.88
E26: Jahr 15 | F26: =F25+(F25*F$5) -> 1345.8683 | G26: =G25+(G25*G$5) -> 134586.83
E27: Jahr 16 | F27: =F26+(F26*F$5) -> 1372.7857 | G27: =G26+(G26*G$5) -> 137278.57
E28: Jahr 17 | F28: =F27+(F27*F$5) -> 1400.2414 | G28: =G27+(G27*G$5) -> 140024.14
E29: Jahr 18 | F29: =F28+(F28*F$5) -> 1428.2462 | G29: =G28+(G28*G$5) -> 142824.62
E30: Jahr 19 | F30: =F29+(F29*F$5) -> 1456.8112 | G30: =G29+(G29*G$5) -> 145681.12
E31: Jahr 20 | F31: =F30+(F30*F$5) -> 1485.9474 | G31: =G30+(G30*G$5) -> 148594.74

Sheet PHZH_Personal_2023
A1: Offizielle Personal Kostensätze der PHZH für das Jahr 2023
A3: Personalkategorien Planung | B3: Stundensätze für | C3: Jahresstunden | D3: Kosten pro Jahr | E3: Kosten pro Monat | F3: Kosten pro Tag
B4: Planung/Verrechnung | C4: für Planung
B5: in CHF | C5: bei 100% BG | D5: bei 100% BG | E5: bei 100% BG | F5: bei 100% BG
A7: Prof | B7: 90 | C7: 1900 | D7: =+B7*C7 -> 171000 | E7: =+D7/12 -> 14250 | F7: =+B7*8.4 -> 756
A8: Doz | B8: 90 | C8: 1900 | D8: =+B8*C8 -> 171000 | E8: =+D8/12 -> 14250 | F8: =+B8*8.4 -> 756
A9: WiMa | B9: 70 | C9: 1900 | D9: =+B9*C9 -> 133000 | E9: =+D9/12 -> 11083.333 | F9: =+B9*8.4 -> 588
A10: Wiss. Assistierende | B10: 40 | C10: 1900 | D10: =+B10*C10 -> 76000 | E10: =+D10/12 -> 6333.3333 | F10: =+B10*8.4 -> 336
A11: ATP | B11: 57 | C11: 1900 | D11: =+B11*C11 -> 108300 | E11: =+D11/12 -> 9025 | F11: =+B11*8.4 -> 478.8
A13: Stundensätze-Inhalt: | C13: Brutto-Jahreslohn
C14: + Arbeitgeber Sozialleistungen (AHV, IV, EO, ALV, VK, PK)
C15: + Arbeitgeber Zulagen (FAK, UVG, Verpfl. Zulagen, Pauschalspesen Lohn)
A17: Berechnung Jahresstunden für Planung: | C17: Bezahlte Jahresarbeitszeit
C18: - Ø Ferien
C19: - Ø Feiertage
C20: - Ø Kurzabsenzen
C21: - persönliche Weiterbildung (bei Dozierenden/ILV)
A23: Berechnung Stundensatz: | C23: Stundensätze-Inhalt / Jahresstunden für Planung
A25: Optionen Finanzierung
A26: ZHdK vorhanden
A27: benötigt
A28: DIZH-Institution
A29: overhead (vorhanden)
A33: Faktoren
A34: 1
A35: 1.5
A36: 1.8
A37: 2
A38: 2.1
A39: 2.2
A40: 2.3

Sheet UZH_Personal_2021
A1: Personalkategorien Planung | M1: Kosten pro Jahr
B3: Pensum | C3: 3 | D3: 4 | E3: 5 | F3: 6 | G3: 7 | H3: 8 | I3: 9 | J3: 10 | K3: 11 | L3: Mittelwert | M3: inkl. Soz. leistungen
A5: Hilfsassistierende ohne Bachelor (100% Pensum; LK10/LS03-11) | B5: 1 | C5: 61539 | D5: 62553 | E5: 63567 | F5: 64581 | G5: 65595 | H5: 66609 | I5: 67622 | J5: 68635 | K5: 69647 | L5: =AVERAGE(C5:K5) -> 65594.222 | M5: =+L5/B5*1.18 -> 77401.182
A6: Hilfsassistierende MIT Bachelor (100% Pensum, LK 13/LS03-11) | B6: 1 | C6: 71269 | D6: 72448 | E6: 73626 | F6: 74802 | G6: 75980 | H6: 77157 | I6: 78333 | J6: 79511 | K6: 80691 | L6: =AVERAGE(C6:K6) -> 75979.667 | M6: =+L6/B6*1.18 -> 89656.007
A7: Doktorierende 1. Jahr (idR 60% Pensum) | B7: 0.6 | L7: 47040 | M7: =+L7/B7*1.18 -> 92512
A8: Doktorierende 2. Jahr (idR 60% Pensum) | B8: 0.6 | L8: 48540 | M8: =+L8/B8*1.18 -> 95462
A9: Doktorierende 3. u. 4. Jahr (idR 60% Pensum) | B9: 0.6 | L9: 50040 | M9: =+L9/B9*1.18 -> 98412
A10: Post-Docs (100% Pensum, LK 18/LS03) | B10: 1 | L10: 95986 | M10: =+L10/B10*1.18 -> 113263.48
A14: Hilfsassistenzen
A15: Lohnklasse 10 mit LS 3 - 11
A17: Doktoranden
A19: Post-Docs
A20: Lohnklasse 18/03

Sheet UZH_Personal_2022
A1: offizielle Kostensätze der Personalkosten der UZH für 2022
M2: Kosten pro Jahr
A3: Personalkategorien Planung | B3: Pensum | C3: 3 | D3: 4 | E3: 5 | F3: 6 | G3: 7 | H3: 8 | I3: 9 | J3: 10 | K3: 11 | L3: Mittelwert | M3: inkl. Soz.lstg | N3: SOZ.LSTG IN %
A5: Hilfsassistierende ohne Bachelor (100% Pensum; LK10/LS03-11) | B5: 1 | C5: 62093 | D5: 63116 | E5: 64139 | F5: 65162 | G5: 66185 | H5: 67208 | I5: 68231 | J5: 69253 | K5: 70274 | L5: =AVERAGE(C5:K5) -> 66184.556 | M5: =L5+(L5*N5) -> 75450.393 | N5: 0.14
A6: Hilfsassistierende MIT Bachelor (100% Pensum, LK 13/LS03-11) | B6: 1 | C6: 71910 | D6: 73100 | E6: 74289 | F6: 75475 | G6: 76664 | H6: 77851 | I6: 79038 | J6: 80227 | K6: 81417 | L6: =AVERAGE(C6:K6) -> 76663.444 | M6: =L6+(L6*N6) -> 87396.327 | N6: 0.14 | Q6: 0.6 | R6: 1
A7: Doktorierende 1. Jahr (idR 60% Pensum) | B7: 0.6 | L7: 47040 | M7: =(L7+(L7*N7))/B7 -> 89768 | N7: 0.145 | O7: =+M7/1.145 -> 78400 | P7: =+O7*0.6 -> 47040 | Q7: =+L7*1.145 -> 53860.8
A8: Doktorierende 2. Jahr (idR 60% Pensum) | B8: 0.6 | L8: 48540 | M8: =(L8+(L8*N8))/B8 -> 92630.5 | N8: 0.145 | O8: =+M8/1.145 -> 80900 | P8: =+O8*0.6 -> 48540 | Q8: =+L8*1.145 -> 55578.3
A9: Doktorierende 3. u. 4. Jahr (idR 60% Pensum) | B9: 0.6 | L9: 50040 | M9: =(L9+(L9*N9))/B9 -> 95493 | N9: 0.145 | Q9: =+L9*1.145 -> 57295.8
A10: Assistierende (100% Pensum, LK 17/LS03) | B10: 1 | L10: 90883 | M10: =L10+(L10*N10) -> 104515.45 | N10: 0.15
A11: Post-Docs (100% Pensum, LK 18/LS03) | B11: 1 | L11: 96850 | M11: =L11+(L11*N11) -> 111377.5 | N11: 0.15
C20: 70274 | D20: 81417
C21: 69253 | D21: 80227
C22: 68231 | D22: 79038
C23: 67208 | D23: 77851
C24: 66185 | D24: 76664
C25: 65162 | D25: 75475
C26: 64139 | D26: 74289
C27: 63116 | D27: 73100
C28: 62093 | D28: 71910

Sheet UZH_Personal_2024
A1: offizielle Kostensätze der Personalkosten der UZH für 2024
A3: Personalkategorien Planung | B3: Pensum | C3: Mittelwert | D3: Soz.Lst | E3: inkl. Soz. leistungen
A5: Hilfsassistierende ohne Bachelor (100% Pensum; LK10/LS03-11) | B5: 1 | C5: 65294 | D5: 0.14 | E5: =+C5/B5*(100%+D5) -> 74435.16
A6: Hilfsassistierende MIT Bachelor (100% Pensum, LK 13/LS03-11) | B6: 1 | C6: 75618 | D6: 0.14 | E6: =+C6/B6*(100%+D6) -> 86204.52
A7: Doktorierende 1. Jahr (idR 80% Pensum) | B7: 0.8 | C7: 49854.85 | D7: 0.145 | E7: =+C7/B7*(100%+D7) -> 71354.754 | G7: neu 80% bei gleichem Lohn. Somit werden sie günstiger bei einer 100% Hochrechnung
A8: Doktorierende 2. Jahr (idR 80% Pensum) | B8: 0.8 | C8: 51444.65 | D8: 0.145 | E8: =+C8/B8*(100%+D8) -> 73630.155 | G8: neu 80% bei gleichem Lohn. Somit werden sie günstiger bei einer 100% Hochrechnung
A9: Doktorierende 3. u. 4. Jahr (idR 80% Pensum) | B9: 0.8 | C9: 53034.4 | D9: 0.145 | E9: =+C9/B9*(100%+D9) -> 75905.485 | G9: neu 80% bei gleichem Lohn. Somit werden sie günstiger bei einer 100% Hochrechnung
A10: Assistierende (mind. 50% Pensum, LK 17/LS03) | B10: 1 | C10: 95569 | D10: 0.15 | E10: =+C10/B10*(100%+D10) -> 109904.35
A11: wissenschaftl. MA Lehre und Forschung (100% Pensum, LK 17/LS03) | B11: 1 | C11: 95569 | D11: 0.15 | E11: =+C11/B11*(100%+D11) -> 109904.35
A12: Post-Docs (100% Pensum, LK 18/LS03) | B12: 1 | C12: 101844 | D12: 0.16 | E12: =+C12/B12*(100%+D12) -> 118139.04

Sheet UZH_Personal_2023
A1: offizielle Kostensätze der Personalkosten der UZH für 2023
A3: Personalkategorien Planung | B3: Pensum | C3: Mittelwert | D3: Soz.Lst | E3: inkl. Soz. leistungen
A5: Hilfsassistierende ohne Bachelor (100% Pensum; LK10/LS03-11) | B5: 1 | C5: 64266 | D5: 0.14 | E5: =+C5/B5*(100%+D5) -> 73263.24
A6: Hilfsassistierende MIT Bachelor (100% Pensum, LK 13/LS03-11) | B6: 1 | C6: 74427 | D6: 0.14 | E6: =+C6/B6*(100%+D6) -> 84846.78
A7: Doktorierende 1. Jahr (idR 60% Pensum) | B7: 0.6 | C7: 48686.4 | D7: 0.145 | E7: =+C7/B7*(100%+D7) -> 92909.88
A8: Doktorierende 2. Jahr (idR 60% Pensum) | B8: 0.6 | C8: 50238.9 | D8: 0.145 | E8: =+C8/B8*(100%+D8) -> 95872.568
A9: Doktorierende 3. u. 4. Jahr (idR 60% Pensum) | B9: 0.6 | C9: 51791.4 | D9: 0.145 | E9: =+C9/B9*(100%+D9) -> 98835.255
A10: Assistierende (100% Pensum, LK 17/LS03) | B10: 1 | C10: 94064 | D10: 0.15 | E10: =+C10/B10*(100%+D10) -> 108173.6
A11: Post-Docs (100% Pensum, LK 18/LS03) | B11: 1 | C11: 100240 | D11: 0.15 | E11: =+C11/B11*(100%+D11) -> 115276

Sheet ZHAW_Personal
A1: offizielle Personalkostensätze der ZHAW für das Jahr 2022
A3: Personalkategorien Planung | B3: Stundensätze für | C3: Jahresstunden | D3: Kosten pro Jahr | E3: Kosten pro Monat | F3: Kosten pro Tag
B4: Planung/Verrechnung | C4: für Planung
B5: in CHF | C5: bei 100% BG | D5: bei 100% BG | E5: bei 100% BG | F5: bei 100% BG
A7: Dozierende / Lehrbeauftragte | B7: 115 | C7: =1964-(4*42) -> 1796 | D7: =+B7*C7 -> 206540 | E7: =+D7/12 -> 17211.667 | F7: =+B7*8.4 -> 966 | G7: 4*42 Selbstausbildungszeit wird noch abgezogen
A8: Wiss. Mitarbeitende | B8: 75 | C8: 1964 | D8: =+B8*C8 -> 147300 | E8: =+D8/12 -> 12275 | F8: =+B8*8.4 -> 630
A9: Wiss. Assistierende | B9: 55 | C9: 1964 | D9: =+B9*C9 -> 108020 | E9: =+D9/12 -> 9001.6667 | F9: =+B9*8.4 -> 462
A10: Angestellte | B10: 75 | C10: 1964 | D10: =+B10*C10 -> 147300 | E10: =+D10/12 -> 12275 | F10: =+B10*8.4 -> 630
A12: In den Kostensätzen sind folgende Sozialleistungen/Zuschläge berücksichtigt:
A13: - Teuerung kumuliert seit 2016
A14: - AHV/ALV, BU/NBU, BVG: prozentuale Anteile gem. gesetzlichen Grundlagen
A15: - Zuschlag für Familienzulage
A16: - Zuschlag für DAG
A17: - allfälliger Zuschlag für Einmalzulagen
A18: - Führungszulagen
A20: Zuteilung der Mitarbeitenden zum entsprechenden Lohnintervall erfolgt auf Basis des Jahreslohnes 100% (ggf. + Führungszulage) (z.B. Jahreslohn 95' = Lohnintervall C)
A23: SNF ist mit Istlöhnen
A25: 42 | B25: std
A26: 52 | B26: Wochen
A27: 5 | B27: Wochen Ferien
A28: 10 | B28: Feiertage
A30: =A25*(A26-A27)-A28 -> 1964 | B30: Arbeitstage

Sheet ZHDK_Personal
A1: offizielle Personal Kostensätze der ZHdK für das Jahr 2024
A3: Personalkategorien Planung | B3: Stundensätze für | C3: Jahresstunden | D3: Kosten pro Jahr | E3: Kosten pro Monat | F3: Kosten pro Tag
B4: Planung/Verrechnung | C4: für Planung
B5: in CHF | C5: bei 100% BG | D5: bei 100% BG | E5: bei 100% BG | F5: bei 100% BG
A7: Professor:innen III (LK 24-26) | B7: 130 | C7: 1722 | D7: =+B7*C7 -> 223860 | E7: =+D7/12 -> 18655 | F7: =+B7*8.4 -> 1092
A8: Professor:innen II (LK 23) | B8: 120 | C8: 1722 | D8: =+B8*C8 -> 206640 | E8: =+D8/12 -> 17220 | F8: =+B8*8.4 -> 1008
A9: Professor:innen I (LK 22) | B9: 115 | C9: 1722 | D9: =+B9*C9 -> 198030 | E9: =+D9/12 -> 16502.5 | F9: =+B9*8.4 -> 966
A10: Lehr- und Forschungspersonal III (LK 23-24) | B10: 120 | C10: 1722 | D10: =+B10*C10 -> 206640 | E10: =+D10/12 -> 17220 | F10: =+B10*8.4 -> 1008
A11: Lehr- und Forschungspersonal II (LK 20-22) | B11: 100 | C11: 1722 | D11: =+B11*C11 -> 172200 | E11: =+D11/12 -> 14350 | F11: =+B11*8.4 -> 840
A12: Lehr- und Forschungspersonal I (LK 17-19) | B12: 80 | C12: 1722 | D12: =+B12*C12 -> 137760 | E12: =+D12/12 -> 11480 | F12: =+B12*8.4 -> 672
A13: Ass. (Lk 15-17) | B13: 65 | C13: 1879 | D13: =+B13*C13 -> 122135 | E13: =+D13/12 -> 10177.917 | F13: =+B13*8.4 -> 546
A14: ATP A (LK 21-25) | B14: 115 | C14: 1879 | D14: =+B14*C14 -> 216085 | E14: =+D14/12 -> 18007.083 | F14: =+B14*8.4 -> 966
A15: ATP B (LK 16 -20 | B15: 85 | C15: 1879 | D15: =+B15*C15 -> 159715 | E15: =+D15/12 -> 13309.583 | F15: =+B15*8.4 -> 714
A16: ATP C (LK 10-15) | B16: 70 | C16: 1879 | D16: =+B16*C16 -> 131530 | E16: =+D16/12 -> 10960.833 | F16: =+B16*8.4 -> 588
A17: ATP D (LK 1-9) | B17: 45 | C17: 1879 | D17: =+B17*C17 -> 84555 | E17: =+D17/12 -> 7046.25 | F17: =+B17*8.4 -> 378
A18: Praktikant:innen und Lernende (LK 12/99) | B18: 20 | C18: 1879 | D18: =+B18*C18 -> 37580 | E18: =+D18/12 -> 3131.6667 | F18: =+B18*8.4 -> 168
A20: Stundensätze-Inhalt: | C20: Brutto-Jahreslohn
C21: + Arbeitgeber Sozialleistungen (AHV, IV, EO, ALV, VK, PK)
C22: + Arbeitgeber Zulagen (FAK, UVG, Verpfl. Zulagen, Pauschalspesen Lohn)
A24: Berechnung Jahresstunden für Planung: | C24: Bezahlte Jahresarbeitszeit
C25: - Ø Ferien
C26: - Ø Feiertage
C27: - Ø Kurzabsenzen
C28: - persönliche Weiterbildung (bei Dozierenden/ILV)
A30: Berechnung Stundensatz: | C30: Stundensätze-Inhalt / Jahresstunden für Planung
A32: Optionen Finanzierung
A33: ZHdK vorhanden
A34: benötigt
A35: DIZH-Institution
A36: overhead (vorhanden)
A40: Faktoren
A41: 1
A42: 1.5
A43: 1.8
A44: 2
A45: 2.1
A46: 2.2
A47: 2.3

Sheet PHZH_Personal_22
A1: Offizielle Personal Kostensätze der PHZH für das Jahr 2022
A3: Personalkategorien Planung | B3: Stundensätze für | C3: Jahresstunden | D3: Kosten pro Jahr | E3: Kosten pro Monat | F3: Kosten pro Tag
B4: Planung/Verrechnung | C4: für Planung
B5: in CHF | C5: bei 100% BG | D5: bei 100% BG | E5: bei 100% BG | F5: bei 100% BG
A7: Prof | B7: 90 | C7: 1900 | D7: =+B7*C7 -> 171000 | E7: =+D7/12 -> 14250 | F7: =+B7*8.4 -> 756
A8: Doz | B8: 90 | C8: 1900 | D8: =+B8*C8 -> 171000 | E8: =+D8/12 -> 14250 | F8: =+B8*8.4 -> 756
A9: WiMa | B9: 70 | C9: 1900 | D9: =+B9*C9 -> 133000 | E9: =+D9/12 -> 11083.333 | F9: =+B9*8.4 -> 588
A10: Wiss. Assistierende | B10: 40 | C10: 1900 | D10: =+B10*C10 -> 76000 | E10: =+D10/12 -> 6333.3333 | F10: =+B10*8.4 -> 336
A11: ATP | B11: 55 | C11: 1900 | D11: =+B11*C11 -> 104500 | E11: =+D11/12 -> 8708.3333 | F11: =+B11*8.4 -> 462
A13: Stundensätze-Inhalt: | C13: Brutto-Jahreslohn
C14: + Arbeitgeber Sozialleistungen (AHV, IV, EO, ALV, VK, PK)
C15: + Arbeitgeber Zulagen (FAK, UVG, Verpfl. Zulagen, Pauschalspesen Lohn)
A17: Berechnung Jahresstunden für Planung: | C17: Bezahlte Jahresarbeitszeit
C18: - Ø Ferien
C19: - Ø Feiertage
C20: - Ø Kurzabsenzen
C21: - persönliche Weiterbildung (bei Dozierenden/ILV)
A23: Berechnung Stundensatz: | C23: Stundensätze-Inhalt / Jahresstunden für Planung
A25: Optionen Finanzierung
A26: ZHdK vorhanden
A27: benötigt
A28: DIZH-Institution
A29: overhead (vorhanden)
A33: Faktoren
A34: 1
A35: 1.5
A36: 1.8
A37: 2
A38: 2.1
A39: 2.2
A40: 2.3

Sheet ZHAW - Kostensätze 2021
B1: Kostensätze ZHAW 2021 | H1: gültig ab 01.01.2021 (Basis für Budget 2021)
B2: pro Stunde; Angaben in CHF | H2: unverändert gegenüber 2020
B4: In den Kostensätzen sind folgende Sozialleistungen/Zuschläge berücksichtigt:
B5: - Teuerung kumuliert seit 2016
B6: - AHV/ALV, BU/NBU, BVG: prozentuale Anteile gem. gesetzlichen Grundlagen
B7: - Zuschlag für Familienzulage
B8: - Zuschlag für DAG
B9: - allfälliger Zuschlag für Einmalzulagen
B10: - Führungszulagen
B12: Zuteilung der Mitarbeitenden zum entsprechenden Lohnintervall erfolgt auf Basis des Jahreslohnes 100% (ggf. + Führungszulage) (z.B. Jahreslohn 95' = Lohnintervall C)
B14: Personalkategorie | C14: Lohnintervall (in KCHF) | D14: C [<130'] | E14: D [130'-170'] | F14: E [>170']
B15: Dozierende / Lehrbeauftragte 3) | C15: intern 1) | D15: 80 | E15: 110 | F15: 140
C16: extern 2) | D16: 140 | E16: 190 | F16: 240
B18: Personalkategorie | C18: Lohnintervall (in KCHF) | D18: B [<90'] | E18: C [90'-130'] | F18: D [>130']
B19: Wiss. Mitarbeitende | C19: intern 1) | D19: 50 | E19: 70 | F19: 100
C20: extern 2) | D20: 90 | E20: 120 | F20: 170
B21: Wiss. Assistierende | C21: intern 1) | D21: 50 | E21: 70
C22: extern 2) | D22: 90 | E22: 120
B23: Angestellte | C23: intern 1) | D23: 50 | E23: 70 | F23: 100
C24: extern 2) | D24: 90 | E24: 120 | F24: 170
B26: Personalkategorie | C26: Lohnintervall (in KCHF) | D26: A [1 Kostensatz]
B27: Praktikanten / Lernende | C27: intern 1) | D27: 20
C28: extern 2) | D28: 40
B30: 1) intern = Kostensätze ohne Gemeinkostenzuschlag; für interne Stundenverrechnungen
B31: 2) extern = Kostensätze mit Gemeinkostenzuschlag; Richtwerte für externe Stundenverrechnungen und Kalkulationen
B32: 3) unter Berücksichtigung der Pauschale für Fortbildung & allg. Hochschulaufgaben
B33: blau/fett = Richtgrössen für die jeweilige Personalkategorie; Verwendung in der Budgetierung und für (Projekt-)Kalkulationen
B34: => Lohnintervall, in dem erfahrungsgemäss die grösste Anzahl von Mitarbeitenden zu finden ist
